Map: Data-C

Players

SpeCial

  • Race: Terran Terran
  • Spawn Location: 9:00

DRG - Winner!

  • Race: Zerg Zerg
  • Spawn Location: 3:00

Event: DreamHack SC2 Masters 2022 Atlanta (Offline)

VOD

Have the link to the VOD?

Description

Time

  • Played on: Nov. 18, 2022, 8:25 p.m.
  • Length: 10:44

All games in this series

Show
View Real Time Build Order
Export as new Build Order

SpeCial Terran 

Build Orders:  

Get SALT Encoding   

  12  0:00  SCV  
  13  0:12  SCV  
  14  0:17  Supply Depot  
  14  0:24  SCV  
  15  0:39  Barracks  
  15  0:41  SCV  
  16  0:53  Barracks  
  16  0:57  SCV  
  17  1:04  Refinery  
  17  1:09  SCV  
  19  1:27  Marine  
  19  1:29  Orbital Command  
  19  1:39  Supply Depot, Marine  
  20  1:45  Bunker, Marine  
  21  1:57  Reaper, SCV  
  23  2:06  Reaper  
  23  2:10  SCV  
  23  2:11  Bunker  
  24  2:22  SCV  
  25  2:33  Command Center  
  25  2:35  SCV  
  24  2:39  Marine x2  
  26  2:50  SCV  
  27  2:51  Factory  
  27  3:03  SCV  
  27  3:15  SCV  
  27  3:19  Command Center  
  28  3:27  SCV  
  29  3:35  Bunker, Factory Reactor  
  29  3:39  SCV, Starport  
  30  3:45  Orbital Command  
  30  3:52  SCV  
  31  4:06  SCV  
  32  4:13  SCV  
  32  4:14  Hellion x2  
  32  4:15  Marine  
  32  4:16  Viking  
  41  4:17  Barracks Tech Lab  
  41  4:18  SCV  
  41  4:22  Refinery  
  41  4:27  SCV  
  41  4:30  SCV  
  43  4:32  Orbital Command  
  43  4:36  Marine  
  44  4:39  SCV  
  44  4:42  SCV  
  44  4:45  Marine x2  
  46  4:46  Supply Depot  
  46  4:50  Stimpack  
  46  4:51  SCV  
  49  4:54  SCV, Marine  
  49  4:58  SCV  
  52  5:03  SCV, Starport Reactor, Marine  
  52  5:06  SCV  
  55  5:09  Marine  
  55  5:10  SCV  
  55  5:11  Supply Depot  
  55  5:12  Marine  
  55  5:13  Factory Reactor  
  58  5:15  SCV  
  58  5:16  Barracks  
  58  5:18  SCV, Orbital Command  
  58  5:21  Marine  
  60  5:26  Marine  
  60  5:27  SCV  
  63  5:29  Marine  
  64  5:35  Engineering Bay, SCV  
  64  5:39  Engineering Bay, Barracks  
  64  5:40  Refinery, Marine  
  64  5:41  Barracks  
  66  5:43  SCV x2  
  66  5:46  Medivac  
  66  5:48  SCV  
  66  5:49  Medivac  
  73  5:52  Supply Depot  
  73  5:53  Refinery, Marine  
  73  5:56  SCV x2  
  76  6:00  SCV  
  77  6:07  Factory Reactor  
  77  6:13  Marine x2  
  77  6:14  SCV x3  
  77  6:17  Marine  
  83  6:26  SCV x2  
  83  6:29  Terran Infantry Armor Level 1, Terran Infantry Weapons Level 1  
  83  6:30  Supply Depot  
  83  6:31  Supply Depot  
  83  6:32  SCV, Marine x2  
  88  6:33  Barracks Reactor  
  88  6:35  Barracks Reactor, Marine  
  88  6:36  Marine x2  
  88  6:38  SCV x2  
  93  6:50  Command Center  
  93  6:52  SCV x3, Medivac, Marine  
  93  6:53  Medivac  
  101  6:57  Widow Mine  
  101  6:58  Supply Depot  
  101  6:59  Widow Mine  
  104  7:09  Marine x5  
  104  7:10  SCV, Marine x2  
  104  7:11  SCV  
  104  7:12  SCV  
  109  7:16  Refinery  
  109  7:17  Supply Depot  
  109  7:18  Factory  
  109  7:19  Combat Shield  
  109  7:21  Marine x2  
  111  7:26  Marine x2  
  111  7:27  Marine x3  
  111  7:28  SCV x3  
  119  7:30  Supply Depot  
  119  7:32  Marine x2  
  119  7:34  Widow Mine  
  123  7:37  Medivac  
  123  7:39  Medivac, Marine x2  
  129  7:44  Marine  
  129  7:46  SCV x2  
  129  7:47  Marine  
  133  7:51  Marine  
  133  7:53  Supply Depot  
  133  7:58  Marine x2  
  133  8:07  Medivac  
  133  8:08  SCV x2  
  133  8:09  SCV, Factory Tech Lab, Medivac  
  133  8:10  Armory  
  139  8:14  Marine x5  
  139  8:15  Marine  
  139  8:16  Marine  
  139  8:19  Marine x2  
  148  8:22  Barracks  
  148  8:24  Barracks, Widow Mine x2  
  151  8:32  Marine x2  
  151  8:37  Medivac  
  151  8:39  Widow Mine  
  142  8:45  Marine x2  
  142  8:46  Widow Mine, Marine x3  
  142  8:48  Armory, Marine  
  136  8:51  Liberator  
  136  8:53  SCV x3  
  140  8:59  Supply Depot  
  140  9:00  Marine x2  
  140  9:01  Marine  
  143  9:02  Marine x2  
  143  9:04  Marine x3  
  143  9:05  SCV  
  143  9:06  Marine  
  143  9:09  Widow Mine x3  
  153  9:18  Marine x2  
  153  9:19  Marine  
  153  9:20  Marine x2  
  153  9:23  Marine  
  157  9:26  Marine x3  
  157  9:30  Widow Mine x3  
  131  9:34  SCV  
  131  9:36  Marine x2  
  131  9:37  Marine  
  131  9:38  Marine x2  
  129  9:41  Marine  
  129  9:44  Marine x3  
  135  9:48  Barracks Tech Lab  
  135  9:49  Barracks Tech Lab  
  135  9:51  SCV x2, Widow Mine  
  139  9:54  SCV  
  139  9:55  Marauder  
  142  10:00  Marine x4  
  142  10:01  Marine  
  142  10:02  Marine  
  148  10:08  Supply Depot  
  133  10:16  Marauder  
  133  10:19  Marauder  
  133  10:22  Marine  
  133  10:23  Marauder  
  133  10:24  Marine  
  133  10:27  SCV x2  
Show
View Real Time Build Order
Export as new Build Order

DRG Zerg - Winner!

Build Orders: Hatch First 

Get SALT Encoding   

  12  0:00  Drone  
  13  0:12  Overlord  
  13  0:17  Drone  
  14  0:30  Drone x2  
  16  0:48  Hatchery  
  15  0:51  Drone  
  15  0:55  Drone  
  17  0:58  Drone  
  18  1:09  Extractor  
  17  1:14  Spawning Pool  
  17  1:17  Drone  
  17  1:20  Drone  
  18  1:28  Drone  
  19  2:00  Zergling x2  
  19  2:01  Zergling x6  
  23  2:02  Queen x2  
  26  2:12  Overlord  
  26  2:14  Zergling x2  
  28  2:33  Drone x2  
  28  2:35  Drone  
  31  2:39  Metabolic Boost  
  31  2:40  Queen  
  32  2:48  Overlord  
  31  2:52  Drone  
  31  2:54  Drone  
  32  2:58  Drone  
  33  3:05  Overlord  
  33  3:07  Drone  
  33  3:11  Drone x2  
  33  3:12  Drone  
  37  3:16  Drone  
  38  3:20  Drone  
  39  3:29  Drone  
  40  3:36  Drone, Hatchery  
  40  3:41  Overlord  
  40  3:43  Drone x2  
  40  3:44  Drone  
  43  3:49  Overlord  
  43  3:58  Queen  
  43  3:59  Drone x4  
  49  4:03  Drone  
  49  4:07  Queen  
  52  4:11  Drone  
  52  4:12  Drone  
  53  4:17  Drone x3  
  53  4:22  Overlord  
  56  4:25  Baneling Nest  
  56  4:28  Drone  
  56  4:29  Drone x3  
  59  4:32  Overlord  
  59  4:40  Queen  
  59  4:42  Overlord  
  59  4:43  Drone  
  62  4:48  Queen  
  62  4:50  Zergling x2  
  62  4:51  Zergling x2  
  66  4:55  Drone x3  
  66  4:58  Drone x2  
  71  5:00  Drone  
  71  5:05  Drone x2  
  71  5:06  Overlord  
  74  5:08  Lair  
  74  5:10  Drone  
  74  5:11  Drone x2, Extractor  
  76  5:17  Queen  
  78  5:22  Drone x2  
  78  5:23  Drone  
  78  5:24  Overlord  
  81  5:32  Drone x4  
  81  5:35  Drone x3, Hatchery  
  87  5:41  Extractor x2, Evolution Chamber  
  84  5:49  Drone x5  
  89  5:53  Overlord x3  
  89  6:01  Overlord  
  89  6:05  Spore Crawler x2  
  89  6:06  Zergling x6, Evolution Chamber  
  89  6:07  Centrifugal Hooks  
  89  6:08  Overlord  
  89  6:09  Zerg Ground Armor Level 1  
  89  6:13  Zergling x6  
  92  6:19  Zergling x6  
  92  6:24  Baneling x5  
  95  6:29  Zergling x6  
  98  6:33  Zergling x18  
  98  6:34  Zerg Melee Weapons Level 1  
  107  6:41  Hatchery  
  107  6:42  Drone  
  107  6:48  Queen, Drone x3  
  107  6:54  Zergling x6  
  115  6:55  Baneling x6  
  115  6:58  Drone x2  
  115  7:00  Overlord  
  117  7:07  Drone x8  
  125  7:11  Extractor  
  125  7:12  Extractor  
  125  7:14  Drone  
  123  7:17  Drone  
  123  7:19  Spore Crawler, Overlord  
  123  7:22  Drone x4  
  127  7:24  Hydralisk Den  
  127  7:25  Zergling x2  
  127  7:28  Zergling x6  
  130  7:30  Baneling  
  130  7:31  Baneling  
  130  7:34  Drone x3  
  133  7:41  Zergling x6  
  133  7:42  Baneling x3, Pneumatized Carapace  
  136  7:44  Overseer  
  136  7:45  Hatchery, Overlord  
  136  7:46  Zergling x6  
  136  7:50  Zergling x2  
  136  7:51  Zergling x2  
  139  7:57  Zergling x8  
  139  7:58  Zergling x4  
  143  8:00  Muscular Augments  
  143  8:01  Zergling x6  
  143  8:05  Zergling x14  
  146  8:09  Zergling x2  
  145  8:13  Infestation Pit, Zerg Ground Armor Level 2  
  145  8:14  Zergling x2  
  145  8:17  Baneling x6  
  145  8:21  Zergling x14  
  145  8:24  Zergling x6  
  153  8:28  Overlord  
  153  8:34  Zergling x6  
  154  8:40  Zergling x14  
  152  8:44  Zergling x16  
  152  8:48  Zergling x2  
  156  8:53  Baneling  
  156  8:54  Hydralisk x3  
  162  8:55  Baneling x3  
  162  8:56  Hive  
  162  8:58  Drone x2  
  162  9:01  Zergling x6  
  167  9:05  Baneling x7  
  167  9:08  Zergling x8  
  171  9:12  Zergling x2, Grooved Spines, Overseer  
  171  9:15  Spore Crawler, Zergling x8  
  171  9:25  Zergling x18  
  171  9:27  Queen  
  171  9:30  Hydralisk x4  
  177  9:31  Zergling x2  
  177  9:32  Zergling x6  
  177  9:36  Zergling x6  
  166  9:40  Zergling x6  
  167  9:48  Zergling x22  
  167  9:52  Baneling x12  
  178  9:55  Zergling x2  
  178  9:56  Zergling x2  
  178  9:57  Overlord  
  178  9:58  Overlord x3  
  178  9:59  Overlord  
  180  10:02  Overlord  
  180  10:09  Overlord  
  180  10:13  Zergling x14  
  179  10:16  Zergling x14  
  179  10:20  Zergling x12  
  179  10:27  Zergling x6  
  159  10:34  Spore Crawler  
Tags
 
Add a new tag
Caveats
  • Supply blocks, unpowered buildings, or Contaminate may cause inaccurate times.
  • Supply counts are checked every 10 seconds.